 Dungeon Sprint DCSS version 0.30.1-11-g7821555f0a (webtiles) character file.

Game seed: 164740702748664369

16 Groucho the Caller (level 2, -2/15 HPs)
             Began as a Deep Elf Summoner on Dec 31, 2023.
             Was a Follower of Sif Muna.
             Slain by a scorpion (6 damage)
             ... in the Dungeon (Sprint VII: "The Pits").
             The game lasted 00:01:51 (455 turns).

Groucho the Caller (Deep Elf Summoner)               Turns: 455, Time: 00:01:51

Health: -2/15      AC:  2    Str:  5    XL:     2   Next: 41%
Magic:  7/10       EV: 12    Int: 19    God:    Sif Muna [*.....]
Gold:   0          SH:  0    Dex: 15    Spells: 9/12 levels left

rFire   . . .        h - +2 trident
rCold   . . .        (no shield)
rNeg    . . .        a - +0 robe
rPois   .            (no helmet)
rElec   .            (no cloak)
rCorr   .            (no gloves)
SInv    .            (no boots)
Will    .....        (no amulet)
Stlth   ++           (no ring)
HPRegen 0.22/turn    (no ring)
MPRegen 0.12/turn

%: no teleportation
@: no status effects
A: no striking features
a: Renounce Religion, Channel Magic


You were in the Dungeon.
You worshipped Sif Muna.
Sif Muna was aware of your devotion.
You visited 1 branch

Inventory:

Hand Weapons
 h - a +2 trident (weapon)
Armour
 a - a +0 robe (worn)
Scrolls
 g - a scroll of blinking
 j - 5 scrolls of amnesia
 k - a scroll of summoning
Potions
 b - 5 potions of magic
 e - a potion of haste
 f - 3 potions of berserk rage
 i - 2 potions of invisibility


   Skills:
 - Level 2.4 Dodging
 - Level 2.4 Stealth
 + Level 5.5 Spellcasting
 + Level 5.9 Summonings


You had 9 spell levels left.
You knew the following spells:

 Your Spells              Type           Power      Damage    Failure   Level
a - Summon Small Mammal   Summ           100%       N/A       1%          1
b - Call Imp              Summ           54%        N/A       1%          2

Your spell library contained the following spells:

 Spells                   Type           Power      Damage    Failure   Level
 Call Canine Familiar     Summ           27%        N/A       3%          3
 Summon Guardian Golem    Hex/Summ       16%        N/A       11%         3
 Summon Lightning Spire   Summ/Air       16%        N/A       34%         4


Dungeon Overview and Level Annotations

Branches:
Dungeon (1/1)

Altars:
Ashenzari
Cheibriados
Dithmenos
Elyvilon
Fedhas
Gozag
Hepliaklqana
Kikubaaqudgha
Makhleb
Nemelex Xobeh
Okawaru
Qazlal
Ru
Sif Muna
Trog
Uskayaw
Vehumet
Wu Jian
Xom
Yredelemnul
Zin
The Shining One
Jiyva
Lugonu


Message History

Unknown command.
Unknown command.
You hit the scorpion but do no damage.
The scorpion is heavily wounded.
The jackal barely misses your quokka. The scorpion stings you.
* * * LOW HITPOINT WARNING * * *
Your quokka barely misses the scorpion.
The jackal misses your quokka. The scorpion closely misses you.
Your cerulean imp hits the scorpion but does no damage.
Your quokka bites the scorpion.
Unknown command.
Unknown command.
Okay, then.
Okay, then.
You hit the scorpion.
The scorpion is severely wounded.
The jackal misses your quokka. The scorpion closely misses you.
Your cerulean imp barely misses the scorpion.
Your quokka bites the scorpion but does no damage.
The jackal barely misses your quokka. The scorpion misses you.
Unknown command.
Unknown command.
Unknown command.
You hit the scorpion but do no damage.
The scorpion is severely wounded.
The jackal bites your quokka.
Your quokka barely misses the scorpion.
Your cerulean imp hits the scorpion but does no damage.
The scorpion misses your cerulean imp. The jackal barely misses your quokka.
Your quokka closely misses the scorpion.
Unknown command.
Unknown command.
Unknown command.
You barely miss the scorpion.
The scorpion is severely wounded.
The scorpion closely misses you.
Your cerulean imp hits the scorpion with a -2 spear.
The jackal closely misses your quokka.
Your quokka bites the scorpion but does no damage.
Your cerulean imp misses the scorpion.
The scorpion stings you.
You die...

_______...###########++
##########'##...........
#.?(.')))'.##......#..#
##########.##..........
#...........'...........
#+#####÷#####......#..#.
#.....##...........
#####)#####'#####+
#..@†.##.......#
#.rs5.##.......#
###h####.......#


.hhr #...<...# ....K. #.......# #........ #.......# ######### #.......#
######### You could see a scorpion (ally target), a river rat, 3 jackals, a
kobold, a friendly cerulean imp (summoned) and a friendly quokka (summoned).

Vanquished Creatures
  A gnoll (D)
  An adder zombie (D)
  A quokka (D)
3 creatures vanquished.

Vanquished Creatures (collateral kills)
  2 frilled lizards (D)
2 creatures vanquished.

Grand Total: 5 creatures vanquished

Notes
Turn   | Place    | Note
-------+----------+-------------------------------------------
     0 | D        | Groucho the Deep Elf Summoner began the quest for the Orb.
     0 | D        | Reached XP level 1. HP: 10/10 MP: 6/6
    27 | D        | Reached skill level 5 in Summonings
    58 | D        | Found a bloodstained altar of Trog.
    58 | D        | Found a shimmering blue altar of Sif Muna.
    58 | D        | Found a viscous altar of Jiyva.
    58 | D        | Found a hazy altar of Hepliaklqana.
    58 | D        | Found an opulent altar of Gozag.
    59 | D        | Found a glowing golden altar of the Shining One.
    59 | D        | Found a glowing silver altar of Zin.
    59 | D        | Found a basalt altar of Yredelemnul.
    59 | D        | Found a shimmering altar of Xom.
    59 | D        | Found an ornate altar of the Wu Jian Council.
    59 | D        | Found a sacrificial altar of Ru.
    59 | D        | Found a stormy altar of Qazlal.
    59 | D        | Found an iron altar of Okawaru.
    59 | D        | Found a sparkling altar of Nemelex Xobeh.
    59 | D        | Found a burning altar of Makhleb.
    59 | D        | Found a blossoming altar of Fedhas.
    59 | D        | Found a white marble altar of Elyvilon.
    59 | D        | Found a shadowy altar of Dithmenos.
    59 | D        | Found a snail-covered altar of Cheibriados.
    61 | D        | Found a radiant altar of Vehumet.
    61 | D        | Found a corrupted altar of Lugonu.
    62 | D        | Found a hide-covered altar of Uskayaw.
    62 | D        | Found an ancient bone altar of Kikubaaqudgha.
    62 | D        | Found a broken altar of Ashenzari.
    64 | D        | Became a worshipper of Sif Muna the Loreminder
   429 | D        | Reached * piety under Sif Muna
   430 | D        | Reached skill level 5 in Spellcasting
   430 | D        | Reached XP level 2. HP: 15/15 MP: 8/10
   437 | D        | Learned a level 2 spell: Call Imp
   439 | D        | Noticed a scorpion
   455 | D        | Slain by a scorpion

Illustrated notes

Levels and vault maps discovered:
D:        pitsprint [storerooms_1, entrance_room_1, metal_vault_8, armoury_3,
          mini_pit_1, grid_room_1, main_hall_1, silver_pit, the_coven_1,
          the_vestibule_1, steel_vault_3, golden_pit, hallway_of_sentries,
          crystal_vault_2, iron_vault_2, final_vault]

Skill      XL: |  1 |
---------------+----+-----
Spellcasting   | 5 |  5.5
Summonings     | 5 |  5.9
Dodging        | |  2.4
Stealth        | |  2.4

Action                     || total
---------------------------++-------
  Melee: Unarmed           ||    12
         Trident           ||    15
   Cast: Summon Small Mamm ||     6
         Call Imp          ||     2
    Use: Potion            ||     2
  Dodge: Dodged            ||    18
